[Event "2026 European Womens Championship"]
[Site "Batumi, GE"]
[Date "2026.05.28"]
[Round "4"]
[White "Kedelidze, Aneta"]
[Black "Saltkhutsishvili, Sara"]
[Result "1-0"]
[Board "80"]
[TimeControl "5400+30"]
[WhiteFideId "13626191"]
[BlackFideId "13636995"]
[WhiteElo "1676"]
[BlackElo "1763"]
[WhiteClock "0:01:53"]
[BlackClock "0:01:12"]
[Variant "Standard"]

1. d4 d5 2. Nf3 Nf6 3. e3 e6 4. b3 Bd6 5. Bb2 O-O 6. Bd3 Ne4 7. Nbd2 f5 8. Qe2 a5 9. Ne5 Bb4 10. Bc1 Bc3 11. Rb1 c5 12. Nef3 b6 13. Bb2 Ba6 14. a3 a4 15. Bxa6 Rxa6 16. Bc1 Qc8 17. O-O Ra7 18. bxa4 Nd7 19. Nb3 Rxa4 20. Rd1 Bb4 21. Bb2 Bxa3 22. Qe1 Bxb2 23. Rxb2 c4 24. Nc1 Qa6 25. Ne2 Ra2 26. Rdb1 Qa3 27. Rxa2 Qxa2 28. Qc1 Ra8 29. h4 h6 30. Nh2 Qa5 31. c3 Qa2 32. Qe1 Nd2 33. Rd1 Nb3 34. Nf3 Qb2 35. Nf4 Kf7 36. Rb1 Qc2 37. h5 Ra3 38. Ng6 Qa2 39. Nge5+ Nxe5 40. Nxe5+ Kg8 41. Rd1 Ra8 42. Kh2 Qa4 43. Qe2 Qe8 44. g3 Ra3 45. Rb1 Qa4 46. Rb2 Ra1 47. Kg2 Qa5 48. Rc2 Qa4 49. Rb2 Ra3 50. Rc2 Qa8 51. Rb2 b5 52. Qc2 Qa6 53. g4 Ra1 54. gxf5 Rc1 55. Ra2 Qb7 56. Qe2 exf5 57. Qf3 Qc8 58. Qxd5+ Kh7 59. Ra8 Qxa8 60. Qxa8 1-0

[Event "2026 European Womens Championship"]
[Site "Batumi, GE"]
[Date "2026.05.28"]
[Round "4"]
[White "Kalayci, Nino"]
[Black "Chanturia, Lika"]
[Result "1-0"]
[Board "81"]
[TimeControl "5400+30"]
[WhiteFideId "13603221"]
[BlackFideId "13618857"]
[WhiteElo "1755"]
[BlackElo "1649"]
[WhiteTitle "WCM"]
[WhiteClock "0:04:31"]
[BlackClock "0:03:20"]
[Variant "Standard"]

1. e4 c6 2. d4 d5 3. exd5 cxd5 4. c4 Nf6 5. Nc3 Nc6 6. Nf3 Bg4 7. Be3 e6 8. c5 Be7 9. Qa4 O-O 10. Ne5 Nxe5 11. dxe5 Ne4 12. Nxe4 dxe4 13. Qxe4 Bf5 14. Qxb7 Qa5+ 15. b4 Qa3 16. Rc1 Rfd8 17. Be2 Bf8 18. O-O Qxa2 19. Qa6 Qb2 20. Bf3 Rac8 21. c6 Bd3 22. Qxa7 Bxf1 23. Kxf1 Qxb4 24. Qb7 Qa3 25. c7 Re8 26. Bc6 Rxc7 27. Qxc7 Qa6+ 28. Kg1 Rc8 29. Qb7 Qxb7 30. Bxb7 Rb8 31. Rc7 h6 32. f4 Rd8 33. Rc8 Rxc8 34. Bxc8 Bb4 35. Kf2 Kf8 36. Kf3 Ke7 37. Ke4 Ba3 38. Kd4 Kd8 39. Ba6 Kc7 40. Bb5 Kd8 41. Kc4 g6 42. Bc5 Bc1 43. g3 Bd2 44. Bf8 h5 45. Kc5 Be3+ 46. Kd6 Bd2 47. Be7+ Kc8 48. Bd7+ Kb7 49. Be8 Bb4+ 50. Kd7 1-0

[Event "2026 European Womens Championship"]
[Site "Batumi, GE"]
[Date "2026.05.28"]
[Round "4"]
[White "Kalyoncu, Beren"]
[Black "Casadevall Mainau, Iraida"]
[Result "1-0"]
[Board "82"]
[TimeControl "5400+30"]
[WhiteFideId "51608383"]
[BlackFideId "54543142"]
[WhiteElo "1840"]
[BlackElo "1729"]
[WhiteTitle "WCM"]
[WhiteClock "0:23:35"]
[BlackClock "1:30:30"]
[Variant "Standard"]

1. e4 e5 2. Nf3 Nc6 3. Bc4 Bc5 4. c3 Nf6 5. d4 exd4 6. e5 d5 7. Bb5 Ne4 8. cxd4 Be7 9. Nc3 O-O 10. Qb3 Be6 11. O-O Na5 12. Qc2 Nxc3 13. Qxc3 Nc4 14. b3 Nb6 15. Bd3 Nd7 16. Be3 f6 17. Qc2 fxe5 18. Bxh7+ Kh8 19. Nxe5 Nxe5 20. dxe5 d4 21. Rad1 c5 22. Bc1 Qd7 23. f4 Bf5 24. Bxf5 Rxf5 25. g4 Rff8 26. Qg6 Qd5 27. Rd3 Kg8 28. Rh3 Rad8 29. e6 1-0

[Event "2026 European Womens Championship"]
[Site "Batumi, GE"]
[Date "2026.05.29"]
[Round "5"]
[White "Mirzoeva, Elmira"]
[Black "Hnatyshyn, Anastasiia"]
[Result "0-1"]
[Board "49"]
[TimeControl "5400+30"]
[WhiteFideId "4127951"]
[BlackFideId "14198339"]
[WhiteElo "2265"]
[BlackElo "2207"]
[WhiteTitle "WGM"]
[BlackTitle "WFM"]
[WhiteClock "0:00:45"]
[BlackClock "0:10:43"]
[Variant "Standard"]

1. e4 c5 2. Nc3 Nc6 3. g3 g6 4. Bg2 Bg7 5. d3 e6 6. f4 d6 7. Nf3 Nge7 8. h4 Bd7 9. h5 Qb6 10. h6 Bf8 11. e5 O-O-O 12. Ne4 Nf5 13. g4 Nfd4 14. Nxd6+ Bxd6 15. exd6 Nxf3+ 16. Qxf3 e5 17. O-O Rhe8 18. f5 gxf5 19. Bg5 f4 20. Bf6 Re6 21. g5 Rg8 22. Kh2 Rg6 23. Qd5 Nb4 24. Qc4 Qxd6 25. a3 Nc6 26. b4 f3 27. bxc5 Qc7 28. Bh3 e4+ 29. Kh1 Qg3 30. Rxf3 exf3 31. Bf1 Rexf6 0-1

[Event "2026 European Womens Championship"]
[Site "Batumi, GE"]
[Date "2026.05.29"]
[Round "5"]
[White "Aydin, Gulenay"]
[Black "Salimova, Nurgyul"]
[Result "1-0"]
[Board "50"]
[TimeControl "5400+30"]
[WhiteFideId "34557431"]
[BlackFideId "2915138"]
[WhiteElo "2204"]
[BlackElo "2404"]
[WhiteTitle "WIM"]
[BlackTitle "IM"]
[WhiteClock "0:26:09"]
[BlackClock "0:04:32"]
[Variant "Standard"]

1. e4 c6 2. d4 d5 3. exd5 cxd5 4. Bd3 Nf6 5. c3 Bg4 6. Qb3 Qc7 7. h3 Bh5 8. g4 Bg6 9. Bxg6 hxg6 10. g5 Nfd7 11. Qxd5 Nc6 12. Ne2 e5 13. Be3 Nb6 14. Qf3 O-O-O 15. Nd2 Kb8 16. Ne4 f5 17. gxf6 gxf6 18. O-O-O Be7 19. Nc5 Nc4 20. Ne6 Qa5 21. Nxd8 Qxa2 22. Nxc6+ bxc6 23. Rd2 Qa1+ 24. Kc2 Qa4+ 25. b3 Qa2+ 26. Kd1 Qxb3+ 27. Ke1 Nxd2 28. Bxd2 Qb1+ 29. Bc1 Ba3 30. Kf1 Rh5 31. Kg2 Rf5 32. Qxc6 Bxc1 33. Rxc1 Rg5+ 34. Kh2 Qf5 35. Rf1 Rh5 36. Qg2 Qd3 37. Ng3 Rh4 38. dxe5 fxe5 39. Qc6 g5 40. Qe8+ Kb7 41. Qe7+ Kc6 42. Qe6+ 1-0

[Event "2026 European Womens Championship"]
[Site "Batumi, GE"]
[Date "2026.05.29"]
[Round "5"]
[White "Kiolbasa, Oliwia"]
[Black "Mammadzada, Gunay"]
[Result "1-0"]
[Board "51"]
[TimeControl "5400+30"]
[WhiteFideId "1154613"]
[BlackFideId "13403729"]
[WhiteElo "2397"]
[BlackElo "2374"]
[WhiteTitle "IM"]
[BlackTitle "IM"]
[WhiteClock "0:07:25"]
[BlackClock "0:10:29"]
[Variant "Standard"]

1. e4 c5 2. Nf3 d6 3. d4 cxd4 4. Nxd4 Nf6 5. Nc3 a6 6. Be2 e5 7. Nb3 Be7 8. Be3 Be6 9. f4 exf4 10. Bxf4 Nc6 11. Qd2 d5 12. exd5 Nxd5 13. Nxd5 Qxd5 14. O-O-O Qxd2+ 15. Rxd2 Rd8 16. Rxd8+ Kxd8 17. Bf3 Kc8 18. Re1 Rd8 19. c3 Bf8 20. h4 g6 21. h5 gxh5 22. Bxh5 Bd6 23. Bxd6 Rxd6 24. Bf3 Kc7 25. Rh1 Ne5 26. Nd4 Nxf3 27. gxf3 Bd5 28. Rxh7 Rg6 29. b3 b5 30. a3 Rg1+ 31. Kc2 Rf1 32. Rh6 Bxf3 33. Rxa6 Kb7 34. Rh6 Bd5 35. Rh5 Rf2+ 36. Kd3 f5 37. Nxf5 Bxb3 38. Nd6+ Ka6 39. Nxb5 Bd1 40. Re5 Ra2 41. Kc4 Ka5 42. Re8 Bh5 43. Ra8+ Kb6 44. Kb3 Bf7+ 45. c4 Rg2 46. a4 Rg4 47. a5+ 1-0

[Event "2026 European Womens Championship"]
[Site "Batumi, GE"]
[Date "2026.05.29"]
[Round "5"]
[White "Fataliyeva, Ulviyya"]
[Black "Kazarian, Anna-Maja"]
[Result "1-0"]
[Board "52"]
[TimeControl "5400+30"]
[WhiteFideId "13403052"]
[BlackFideId "1033689"]
[WhiteElo "2450"]
[BlackElo "2317"]
[WhiteTitle "IM"]
[BlackTitle "FM"]
[WhiteClock "0:05:58"]
[BlackClock "0:00:45"]
[Variant "Standard"]

1. e4 e6 2. d4 d5 3. Nc3 Nf6 4. Bg5 dxe4 5. Nxe4 Nbd7 6. Nf3 h6 7. Nxf6+ Nxf6 8. Be3 Nd5 9. Qd2 Nxe3 10. Qxe3 Qd5 11. Bd3 c5 12. O-O-O Bd7 13. Kb1 cxd4 14. Nxd4 Bc5 15. Be4 Qd6 16. Qc3 Bb4 17. Qb3 Qb6 18. c3 Bc5 19. Bxb7 Rb8 20. Qxb6 Bxb6 21. Bc6 Bxc6 22. Nxc6 Rc8 23. Ne5 Bc7 24. Rhe1 g5 25. Re4 Bb8 26. g3 f5 27. Re2 Rh7 28. Nf3 Re7 29. Rde1 Kf7 30. Nd4 Rce8 31. Nc6 Rb7 32. Rxe6 Rxe6 33. Nd8+ Ke7 34. Nxe6 Kf6 35. Nc5 Rh7 36. Re6+ Kf7 37. Ra6 Ke7 38. Nb3 Kd7 39. Nd4 Re7 40. Rxh6 Re1+ 41. Kc2 Rf1 42. Rh7+ Kc8 43. f3 1-0

[Event "2026 European Womens Championship"]
[Site "Batumi, GE"]
[Date "2026.05.29"]
[Round "5"]
[White "Narva, Mai"]
[Black "Hrebenshchykova, Yelyzaveta"]
[Result "1/2-1/2"]
[Board "53"]
[TimeControl "5400+30"]
[WhiteFideId "4500512"]
[BlackFideId "14159899"]
[WhiteElo "2426"]
[BlackElo "2309"]
[WhiteTitle "IM"]
[BlackTitle "WGM"]
[WhiteClock "0:29:29"]
[BlackClock "0:16:03"]
[Variant "Standard"]

1. e4 e5 2. Nf3 Nc6 3. Bc4 Nf6 4. d3 Be7 5. O-O O-O 6. a4 d6 7. a5 a6 8. c3 Be6 9. Bxe6 fxe6 10. Re1 h6 11. Qb3 Qd7 12. Nbd2 Nh5 13. d4 Nf4 14. Nc4 Ng6 15. dxe5 dxe5 16. Rd1 Qc8 17. Be3 Rb8 18. Rd3 Rd8 19. Rad1 Rxd3 20. Rxd3 Qe8 21. g3 Bf6 22. Bc5 Rd8 23. Re3 Rb8 24. Re2 Nd8 25. h4 Qc6 26. Ba7 Ra8 27. h5 Nf8 28. Be3 Qxe4 29. Ncd2 Qg4 30. Bc5 Nd7 31. Ba3 Qxh5 32. Kg2 Qf7 33. Nc4 Rb8 34. Ncxe5 Nxe5 35. Nxe5 Bxe5 36. Rxe5 Nc6 37. Rxe6 Nxa5 38. Qd5 Nc6 39. Bc5 Rd8 40. Qe4 Qh5 41. b4 a5 42. g4 Qg5 43. Be7 Nxe7 44. Rxe7 axb4 45. cxb4 Qd5 46. Qxd5+ Rxd5 47. Rxc7 Rb5 1/2-1/2

[Event "2026 European Womens Championship"]
[Site "Batumi, GE"]
[Date "2026.05.29"]
[Round "5"]
[White "Zimina, Olga"]
[Black "Ushenina, Anna"]
[Result "0-1"]
[Board "54"]
[TimeControl "5400+30"]
[WhiteFideId "4132190"]
[BlackFideId "14110911"]
[WhiteElo "2290"]
[BlackElo "2420"]
[WhiteTitle "IM"]
[BlackTitle "GM"]
[WhiteClock "0:06:37"]
[BlackClock "0:09:04"]
[Variant "Standard"]

1. c4 e6 2. g3 d5 3. Bg2 d4 4. Nf3 Nc6 5. O-O Nh6 6. e3 Nf5 7. e4 Nfe7 8. e5 d3 9. b3 Nf5 10. Nc3 h5 11. h4 Bc5 12. Ne4 Bd4 13. Nxd4 Ncxd4 14. Bb2 Ne2+ 15. Kh2 Nxh4 16. b4 Nxg2 17. Kxg2 b5 18. Nc5 bxc4 19. Qa4+ Kf8 20. Rh1 Bb7+ 21. Nxb7 Qd5+ 22. f3 Qxb7 23. Rh4 Qd5 24. Qa6 Qd8 25. Qxc4 Qg5 26. Qc5+ Kg8 27. Qf2 Qxd2 28. Bd4 Qxb4 29. Rd1 Qb5 30. Qe3 c5 31. Bxc5 Nc3 32. Rxd3 Nd5 33. Qd4 a5 34. a4 Qc6 35. Rb3 g6 36. Rh1 Kh7 37. Rb5 Rhd8 38. Qe4 Kg7 39. Rc1 Qd7 40. Bd6 Rdc8 41. Rbc5 Rxc5 42. Rxc5 Rc8 43. Rxa5 Rc4 44. Qb1 Rc2+ 45. Kh3 Qc6 46. Qb8 Nf4+ 47. Kh4 Rh2+ 48. Kg5 Nh3+ 49. Kh4 Ng1+ 50. Kg5 Qc1+ 0-1

[Event "2026 European Womens Championship"]
[Site "Batumi, GE"]
[Date "2026.05.29"]
[Round "5"]
[White "Sliwicka, Alicja"]
[Black "Arabidze, Meri"]
[Result "0-1"]
[Board "55"]
[TimeControl "5400+30"]
[WhiteFideId "1150677"]
[BlackFideId "13604040"]
[WhiteElo "2315"]
[BlackElo "2409"]
[WhiteTitle "WGM"]
[BlackTitle "IM"]
[WhiteClock "0:14:16"]
[BlackClock "0:10:30"]
[Variant "Standard"]

1. e4 c5 2. Nf3 e6 3. d4 cxd4 4. Nxd4 a6 5. Bd3 Bc5 6. Nb3 Ba7 7. Qe2 Ne7 8. Nc3 b5 9. a3 Nbc6 10. O-O O-O 11. Be3 Ne5 12. Rad1 Qc7 13. Bxa7 Rxa7 14. f4 Qb6+ 15. Qf2 Qxf2+ 16. Rxf2 Nxd3 17. Rxd3 Rc7 18. Rfd2 f5 19. e5 Kf7 20. Nc1 h6 21. N1e2 g5 22. Rh3 Kg7 23. Rg3 Ng6 24. h4 Nxh4 25. fxg5 Ng6 26. gxh6+ Kxh6 27. Rd4 Rc4 28. Rxc4 bxc4 29. Re3 Bb7 30. Nd4 Rg8 31. Rg3 Rc8 32. Na4 Nxe5 33. Nb6 Rb8 34. Rc3 Be4 35. Na4 Kg5 36. b4 cxb3 37. cxb3 Nd3 38. b4 Kf4 39. Nc5 Nxc5 40. Ne2+ Ke5 41. Rxc5+ Bd5 42. Nc3 Rb6 43. Nxd5 exd5 44. Kf2 Rc6 45. Ra5 Ke4 46. b5 axb5 47. Rxb5 Rc2+ 48. Kf1 d4 49. Rb8 d3 50. Re8+ Kd4 51. Ke1 Rxg2 52. Rf8 d2+ 53. Kd1 Kd3 0-1

[Event "2026 European Womens Championship"]
[Site "Batumi, GE"]
[Date "2026.05.29"]
[Round "5"]
[White "Wagner, Dinara"]
[Black "Pogorelskikh, Sofia"]
[Result "1/2-1/2"]
[Board "56"]
[TimeControl "5400+30"]
[WhiteFideId "24157570"]
[BlackFideId "44164548"]
[WhiteElo "2408"]
[BlackElo "2284"]
[WhiteTitle "IM"]
[BlackTitle "WGM"]
[WhiteClock "0:01:29"]
[BlackClock "0:01:23"]
[Variant "Standard"]

1. d4 Nf6 2. c4 e6 3. Nf3 d5 4. Nc3 Bb4 5. Qa4+ Nc6 6. e3 O-O 7. Qc2 dxc4 8. Bxc4 Bd6 9. h3 e5 10. O-O a6 11. a3 exd4 12. exd4 h6 13. Bxh6 gxh6 14. Qg6+ Kh8 15. Qxh6+ Nh7 16. Ne4 Bf5 17. Rae1 Bxe4 18. Rxe4 Qf6 19. Qe3 Ne7 20. Ne5 Nf5 21. Qd3 Bxe5 22. dxe5 Qe7 23. Qf3 Ng7 24. Bd3 Rad8 25. Bb1 f5 26. exf6 Qxf6 27. Qxf6 Nxf6 28. Rh4+ Nfh5 29. g4 Rf4 30. Bg6 Kg8 31. Re1 Nf6 32. Re7 Rd7 33. Re2 c5 34. Rh6 Rd8 35. g5 Nd5 36. Bh7+ Kf8 37. Bg6 Kg8 38. Bh7+ Kf8 39. Bg6 Kg8 40. Bh7+ 1/2-1/2

[Event "2026 European Womens Championship"]
[Site "Batumi, GE"]
[Date "2026.05.29"]
[Round "5"]
[White "Unuk, Laura"]
[Black "Danielian, Elina"]
[Result "1-0"]
[Board "57"]
[TimeControl "5400+30"]
[WhiteFideId "14609215"]
[BlackFideId "13300210"]
[WhiteElo "2289"]
[BlackElo "2390"]
[WhiteTitle "IM"]
[BlackTitle "GM"]
[WhiteClock "0:03:35"]
[BlackClock "0:01:32"]
[Variant "Standard"]

1. d4 Nf6 2. c4 e6 3. Nc3 Bb4 4. e3 O-O 5. a3 Bxc3+ 6. bxc3 b6 7. Ne2 Ba6 8. Ng3 d5 9. cxd5 Bxf1 10. Nxf1 exd5 11. Ng3 c5 12. O-O Nc6 13. dxc5 bxc5 14. c4 dxc4 15. Qa4 Qb6 16. Qxc4 Rfd8 17. Nf5 Ne5 18. Qf4 Ng6 19. Qf3 Rac8 20. a4 Rd3 21. a5 Qb5 22. a6 c4 23. Nh6+ gxh6 24. Qxf6 Rc6 25. Qf3 c3 26. Qe2 Rxa6 27. Rxa6 Qxa6 28. f4 Qc4 29. f5 Ne5 30. f6 c2 31. Qf2 Ng4 32. Qg3 Rd8 33. h3 h5 34. hxg4 hxg4 35. Rf4 Rd1+ 36. Kh2 Qxf4 37. Qxf4 1-0

[Event "2026 European Womens Championship"]
[Site "Batumi, GE"]
[Date "2026.05.29"]
[Round "5"]
[White "Roebers, Eline"]
[Black "Charkhalashvili, Inga"]
[Result "1-0"]
[Board "58"]
[TimeControl "5400+30"]
[WhiteFideId "1058401"]
[BlackFideId "13601431"]
[WhiteElo "2389"]
[BlackElo "2235"]
[WhiteTitle "IM"]
[BlackTitle "WGM"]
[WhiteClock "0:04:31"]
[BlackClock "0:03:56"]
[Variant "Standard"]

1. e4 c6 2. c4 d6 3. d4 e5 4. Nf3 Qc7 5. Nc3 Nf6 6. Be2 Be7 7. O-O O-O 8. h3 a6 9. Be3 Nbd7 10. Rc1 exd4 11. Nxd4 Re8 12. Nf5 Bf8 13. f3 Nc5 14. Qd2 Bxf5 15. exf5 Qe7 16. Bf2 Na4 17. Rfe1 Nxc3 18. Qxc3 Qd7 19. Bd3 d5 20. c5 Rxe1+ 21. Rxe1 Re8 22. b4 d4 23. Qc4 Rd8 24. Rd1 Qd5 25. a3 a5 26. Qc2 axb4 27. axb4 Qe5 28. Bc4 b6 29. cxb6 Bxb4 30. Qb3 c5 31. Bxf7+ Kf8 32. Be6 Qb8 33. Rxd4 cxd4 34. Qxb4+ Qd6 35. Be1 Ne8 36. b7 d3 37. Bc8 1-0

[Event "2026 European Womens Championship"]
[Site "Batumi, GE"]
[Date "2026.05.29"]
[Round "5"]
[White "Vega Gutierrez, Sabrina"]
[Black "Safarli, Josefine"]
[Result "1-0"]
[Board "59"]
[TimeControl "5400+30"]
[WhiteFideId "2219026"]
[BlackFideId "12900460"]
[WhiteElo "2375"]
[BlackElo "2253"]
[WhiteTitle "IM"]
[BlackTitle "WGM"]
[WhiteClock "0:02:53"]
[BlackClock "0:01:47"]
[Variant "Standard"]

1. e4 e5 2. Nf3 Nc6 3. Bb5 a6 4. Ba4 Nf6 5. O-O Be7 6. Bxc6 dxc6 7. Nc3 Nd7 8. d4 exd4 9. Qxd4 O-O 10. Bf4 Nc5 11. Qe3 Ne6 12. Rad1 Qe8 13. Bg3 Bc5 14. Qc1 f6 15. Ne1 Qf7 16. Nd3 Ba7 17. Kh1 Nc5 18. b3 Nxd3 19. Rxd3 Be6 20. f3 Rad8 21. Qd2 Qe7 22. Rd1 Rxd3 23. Qxd3 b5 24. Qd2 h6 25. Ne2 Bb6 26. Nf4 Bf7 27. Bf2 Bxf2 28. Qxf2 Rd8 29. Rxd8+ Qxd8 30. Nd3 Qd6 31. Qc5 a5 32. g3 Be6 33. Kg2 Kf8 34. Kf2 Ke7 35. Ke3 Bh3 36. Qd4 Bd7 37. Nc5 Bc8 38. a4 bxa4 39. bxa4 h5 40. Nb3 Bd7 41. Qc5 h4 42. gxh4 Kf7 43. Qxd6 cxd6 44. Nxa5 c5 45. Nc4 Bxa4 46. Nxd6+ Ke6 47. Nb7 Bxc2 48. Nxc5+ Kd6 49. Nd3 Bb1 50. Kd4 Ke6 51. Nb4 Kd6 52. Nd5 Ba2 53. Ne3 Ke7 54. Nf5+ Kf7 55. h5 Bb3 56. Ke3 Kg8 57. Kf4 Kh7 58. Ng3 Be6 59. Nf5 Bb3 60. Kg4 Be6 61. f4 Bd7 62. Kf3 Be8 63. Ng3 Kg8 64. Ke3 Kf7 65. Kd4 Ba4 66. e5 Bb3 67. f5 fxe5+ 68. Kxe5 Bd1 69. h4 Ke7 70. Kf4 Bc2 71. Kg5 Kf7 72. Nf1 Ba4 73. Ne3 Kg8 74. h6 gxh6+ 75. Kxh6 Be8 76. Ng4 Kh8 77. h5 Bf7 78. Kg5 Kg7 79. Ne5 Ba2 80. Nd3 Bc4 81. Ne5 Ba2 82. Nc6 Bd5 83. Nd8 Be4 84. Ne6+ Kg8 85. Kg6 Kh8 86. Ng5 Bc2 87. h6 1-0

[Event "2026 European Womens Championship"]
[Site "Batumi, GE"]
[Date "2026.05.29"]
[Round "5"]
[White "Zherebtsova, Alexandra"]
[Black "Atalik, Ekaterina"]
[Result "1-0"]
[Board "60"]
[TimeControl "5400+30"]
[WhiteFideId "24129518"]
[BlackFideId "4130189"]
[WhiteElo "2242"]
[BlackElo "2372"]
[WhiteTitle "FM"]
[BlackTitle "IM"]
[WhiteClock "0:01:27"]
[BlackClock "0:07:11"]
[Variant "Standard"]

1. d4 Nf6 2. c4 e6 3. Nc3 d5 4. cxd5 exd5 5. Bg5 Be7 6. e3 h6 7. Bh4 c6 8. Bd3 Nbd7 9. h3 O-O 10. Bg3 Ne8 11. Rc1 Bd6 12. Nge2 Bxg3 13. Nxg3 Nd6 14. O-O Re8 15. Re1 Nf8 16. Bb1 Bd7 17. Na4 Qg5 18. Nc5 Rad8 19. Qh5 Bc8 20. a4 Nd7 21. Nd3 Qxh5 22. Nxh5 Nb8 23. g4 a5 24. Nhf4 b6 25. Ne5 Bb7 26. Ba2 Na6 27. Bb3 Nb4 28. Nfd3 Nxd3 29. Nxd3 g5 30. f3 Kg7 31. Kf2 f6 32. Rh1 Rc8 33. Rc3 Rf8 34. Bc2 f5 35. Ne5 fxg4 36. hxg4 c5 37. Kg3 Nc4 38. Bf5 Rce8 39. Nxc4 dxc4 40. dxc5 bxc5 41. Rd1 Bc6 42. Rd6 Rf6 43. Rxc6 Rxc6 44. Bd7 Rec8 45. Rxc4 Kf6 46. Rc3 Ke5 47. Rb3 Kd6 48. Bxc8 Rxc8 49. Rb5 Ra8 50. f4 Kd5 51. Kf3 gxf4 52. exf4 Ra6 53. f5 Kc4 54. b3+ Kd4 55. Kf4 Kd5 56. g5 hxg5+ 57. Kxg5 Ra8 58. Kg6 Kc6 59. f6 Rg8 60. Kh7 Rg3 61. f7 Rh3+ 62. Kg7 Rg3+ 63. Kf8 Rf3 64. Rxa5 Rxb3 65. Ra8 Kd6 66. Kg7 Kd5 1-0

[Event "2026 European Womens Championship"]
[Site "Batumi, GE"]
[Date "2026.05.29"]
[Round "5"]
[White "Bivol, Alina"]
[Black "Sieber, Fiona"]
[Result "1-0"]
[Board "61"]
[TimeControl "5400+30"]
[WhiteFideId "4100123"]
[BlackFideId "12902373"]
[WhiteElo "2361"]
[BlackElo "2224"]
[WhiteTitle "IM"]
[BlackTitle "WGM"]
[WhiteClock "0:11:43"]
[BlackClock "0:04:20"]
[Variant "Standard"]

1. e4 c5 2. Nf3 e6 3. c3 Nf6 4. e5 Nd5 5. a3 d6 6. d4 cxd4 7. c4 Ne7 8. exd6 Qxd6 9. Nc3 Nf5 10. Nb5 Qd8 11. Bf4 Na6 12. g4 Nd6 13. Qxd4 Nxb5 14. Qxd8+ Kxd8 15. cxb5 Nc5 16. Rd1+ Ke8 17. b4 Nd7 18. Bg2 Be7 19. O-O Nb6 20. Rc1 Nd5 21. Bg3 h5 22. gxh5 Bf6 23. Ne5 Rxh5 24. Rfe1 Bxe5 25. Bxe5 f6 26. Bg3 Ke7 27. h4 Nb6 28. Rc7+ Bd7 29. Rxb7 Rc8 30. Bc6 e5 31. Rd1 Rd8 32. Rxa7 Ke8 33. a4 g5 34. a5 Bxc6 35. Rxd8+ Kxd8 36. bxc6 Nc4 37. hxg5 Rxg5 38. b5 e4 39. Ra8+ Ke7 40. c7 1-0

[Event "2026 European Womens Championship"]
[Site "Batumi, GE"]
[Date "2026.05.29"]
[Round "5"]
[White "Chernyak, Viktoria"]
[Black "Socko, Monika"]
[Result "1/2-1/2"]
[Board "62"]
[TimeControl "5400+30"]
[WhiteFideId "24165956"]
[BlackFideId "1106619"]
[WhiteElo "2191"]
[BlackElo "2355"]
[WhiteTitle "WGM"]
[BlackTitle "GM"]
[WhiteClock "0:30:37"]
[BlackClock "0:40:24"]
[Variant "Standard"]

1. d4 Nf6 2. c4 e6 3. Nc3 Bb4 4. e3 O-O 5. Bd2 c5 6. a3 Bxc3 7. Bxc3 Ne4 8. Rc1 d6 9. Nf3 Nc6 10. Qc2 Nxc3 11. Qxc3 Qe7 12. dxc5 dxc5 13. Bd3 b6 14. Be4 Bb7 15. O-O Rad8 16. Rfd1 Rxd1+ 17. Rxd1 Rd8 18. Rxd8+ Qxd8 19. h3 Qd1+ 20. Kh2 Qd6+ 21. Kg1 h6 22. Qd2 Qxd2 23. Nxd2 Kf8 24. f4 Ke7 25. Kf2 Kd6 26. g3 Bc8 27. h4 Na5 28. Ke2 Bd7 29. Kd3 e5 30. Bd5 exf4 31. exf4 Ke7 32. Ke3 Nc6 33. Nf3 f6 34. Kd3 Kd6 35. Ke3 Ne7 36. Be4 a5 37. Nd2 Nc6 38. Bxc6 Bxc6 39. Nb1 Be8 40. Nc3 Bf7 41. Kd3 Bg6+ 42. Ke3 Bf7 43. Kd3 Bg6+ 44. Ke3 1/2-1/2

[Event "2026 European Womens Championship"]
[Site "Batumi, GE"]
[Date "2026.05.29"]
[Round "5"]
[White "Rakhmangulova, Anastasiya"]
[Black "Abdinova, Narmin"]
[Result "1-0"]
[Board "63"]
[TimeControl "5400+30"]
[WhiteFideId "14117479"]
[BlackFideId "13425340"]
[WhiteElo "2328"]
[BlackElo "2165"]
[WhiteTitle "WGM"]
[BlackTitle "WIM"]
[WhiteClock "0:40:25"]
[BlackClock "0:04:12"]
[Variant "Standard"]

1. e4 c5 2. Nf3 d6 3. d4 cxd4 4. Nxd4 Nf6 5. Nc3 a6 6. Be2 e5 7. Nb3 Be6 8. O-O Be7 9. Be3 b5 10. a4 b4 11. Nd5 Bxd5 12. exd5 Nbd7 13. a5 Qc8 14. Ra4 Qb7 15. Qd2 Qxd5 16. Qxb4 Qe6 17. f4 d5 18. Qe1 exf4 19. Bxf4 Nc5 20. Nd4 Qe4 21. Qa1 O-O 22. b4 Ne6 23. Nxe6 Qxe6 24. Bd3 Ne4 25. Be5 Qh6 26. Qd4 Bg5 27. Rf3 Rfe8 28. Ra1 Rxe5 29. Qxe5 Be3+ 30. Kh1 Nf2+ 31. Rxf2 Bxf2 32. Rf1 Bh4 33. Qxd5 Rf8 34. Rxf7 g6 35. Rf4+ Kg7 36. Qd7+ Kh8 37. Qd4+ 1-0

[Event "2026 European Womens Championship"]
[Site "Batumi, GE"]
[Date "2026.05.29"]
[Round "5"]
[White "Iglesias, Yosha"]
[Black "Kobak, Polina"]
[Result "1/2-1/2"]
[Board "64"]
[TimeControl "5400+30"]
[WhiteFideId "637823"]
[BlackFideId "24269727"]
[WhiteElo "2325"]
[BlackElo "1986"]
[WhiteTitle "FM"]
[BlackTitle "WFM"]
[WhiteClock "0:06:47"]
[BlackClock "0:03:38"]
[Variant "Standard"]

1. d4 d5 2. Bf4 c5 3. e3 cxd4 4. exd4 Nc6 5. c3 Bf5 6. Nf3 e6 7. Nbd2 f6 8. h4 Bd6 9. Bxd6 Qxd6 10. h5 Nh6 11. Nh4 Bg4 12. Be2 Bxe2 13. Qxe2 O-O 14. O-O-O Rab8 15. Kb1 b5 16. Nb3 a5 17. g4 a4 18. Nc1 Rfe8 19. a3 e5 20. dxe5 Nxe5 21. Nf5 Nxf5 22. gxf5 h6 23. Rhe1 Qd7 24. Ka1 Nc6 25. Qd3 Rxe1 26. Rxe1 Ne5 27. Qh3 Rd8 28. Rd1 Qa7 29. Qg2 Qf7 30. Qh3 Qa7 31. Qg2 Qf7 32. Qh3 Qa7 1/2-1/2

[Event "2026 European Womens Championship"]
[Site "Batumi, GE"]
[Date "2026.05.29"]
[Round "5"]
[White "Poliakova, Varvara"]
[Black "Toncheva, Nadya"]
[Result "0-1"]
[Board "65"]
[TimeControl "5400+30"]
[WhiteFideId "13518313"]
[BlackFideId "2924056"]
[WhiteElo "2108"]
[BlackElo "2320"]
[WhiteTitle "WFM"]
[BlackTitle "WGM"]
[WhiteClock "0:28:04"]
[BlackClock "0:25:00"]
[Variant "Standard"]

1. d4 d5 2. c4 c6 3. Nf3 Nf6 4. g3 Bg4 5. Bg2 e6 6. Nc3 Nbd7 7. O-O dxc4 8. h3 Bh5 9. a4 a5 10. b3 Bb4 11. Bb2 cxb3 12. Qxb3 O-O 13. g4 Bg6 14. Ne5 Nxe5 15. dxe5 Nd7 16. f4 Nc5 17. Qd1 Qxd1 18. Rfxd1 Nb3 19. Ra2 Rad8 20. e4 Rxd1+ 21. Nxd1 Rd8 22. Nc3 Rd2 23. Bc1 Rd3 24. Ne2 Nxc1 25. Nxc1 Rd1+ 26. Kf2 Rxc1 27. f5 Kf8 28. h4 Rc5 29. h5 Bxh5 30. gxh5 Rxe5 31. fxe6 Rxh5 32. exf7 Kxf7 33. Ra1 Ke7 34. Bf3 Rh2+ 35. Ke3 Rb2 36. Bg4 Bc5+ 37. Kf4 Rb3 38. Rh1 Bd6+ 39. Kf5 g6+ 40. Kg5 h5 41. Bc8 Rg3+ 42. Kh4 b5 43. Bb7 Rg4+ 44. Kh3 g5 0-1

[Event "2026 European Womens Championship"]
[Site "Batumi, GE"]
[Date "2026.05.29"]
[Round "5"]
[White "Badelka, Olga"]
[Black "Rodshtein, Tereza"]
[Result "1-0"]
[Board "66"]
[TimeControl "5400+30"]
[WhiteFideId "13509926"]
[BlackFideId "325449"]
[WhiteElo "2392"]
[BlackElo "2218"]
[WhiteTitle "IM"]
[BlackTitle "WGM"]
[WhiteClock "0:26:04"]
[BlackClock "0:35:35"]
[Variant "Standard"]

1. d4 Nf6 2. Bf4 g6 3. Nc3 Bg7 4. e4 d6 5. Qd2 a6 6. Nf3 b5 7. Bh6 Bxh6 8. Qxh6 b4 9. Nd5 Nxd5 10. exd5 Nd7 11. Qg7 Rf8 12. O-O-O Bb7 13. Ng5 Nf6 14. Re1 Nh5 15. Qh6 Bxd5 16. Nxh7 Rg8 17. g4 Bxh1 18. gxh5 Kd7 19. Bh3+ e6 20. Rxh1 Qh4 21. Qe3 gxh5 22. d5 Rae8 23. Re1 Kd8 24. dxe6 fxe6 25. Qf3 Rg6 26. Bf5 Rgg8 27. Bd3 Rg7 28. Nf6 Rf8 29. Rxe6 Qg5+ 30. Kd1 Qg4 31. Qxg4 hxg4 32. Ke1 Kc8 33. Bxa6+ Kb8 34. Be2 Kb7 35. Nxg4 Kb6 36. a3 bxa3 37. bxa3 Ra8 38. Re3 Ra4 39. h3 c5 40. Rb3+ Kc7 41. Bf3 Rg8 42. Ne3 Rg1+ 43. Ke2 Kd7 44. Nd5 Rd4 45. Rd3 Rh4 46. Ne3 Ra1 47. Bg4+ Kc7 48. Nf5 1-0